 Dungeon Crawl Stone Soup version 0.16-a0-4092-gb8933cd (webtiles) character file.

7472 Ololoev the Geomancer (level 11, 0/68 HPs)
             Began as a Formicid Earth Elementalist on Feb 24, 2015.
             Was a High Priest of Vehumet.
             Slain by a centaur warrior (4 damage)
             ... on level 11 of the Dungeon.
             The game lasted 00:54:06 (13172 turns).

Ololoev the Geomancer (FoEE)                       Turns: 13172, Time: 00:54:07

Health: 0/68       AC:  5    Str: 14    XL:     11   Next: 37%
Magic:  14/37      EV: 12    Int: 24    God:    Vehumet [*****.]
Gold:   307        SH:  0    Dex: 15    Spells: 5 memorised, 6 levels left

rFire  + . .     SeeInvis +     c - +8 glaive "Dinwuen" {freeze, Noisy +Blink Int+7}
rCold  + . .     Clarity  .     i - +1 leather armour of Creativity {rN+ MR+ MP+9}
rNeg   + + +     SustAb   .     (no shield)
rPois  +         Gourm    .     (helmet unavailable)
rElec  .         Spirit   .     (no cloak)
rCorr  .         Warding  .     p - +0 pair of gloves "Hateqof" {rF+ rC+ rN++ Slay-6}
rMut   .         Stasis   +     (no boots)
MR     ++...                    (no amulet)
Stlth  ++........               s - ring of poison resistance
                                j - +4 ring of dexterity

@: lethally poisoned (0 -> -2), very resistant to hostile enchantments,
unstealthy
A: permanent stasis, dig shafts and tunnels, four strong arms, antennae 3
a: Dig, Shaft Self, Renounce Religion


You were on level 11 of the Dungeon.
You worshipped Vehumet.
Vehumet was extremely pleased with you.
You were very hungry.

You visited 2 branches of the dungeon, and saw 12 of its levels.
You also visited: Sewer.

You collected 575 gold pieces.
You spent 268 gold pieces at shops.

Notes
Turn   | Place    | Note
--------------------------------------------------------------
     0 | D:1      | Ololoev, the Formicid Earth Elementalist, began the quest for the Orb.
     0 | D:1      | Reached XP level 1. HP: 13/13 MP: 3/3
   194 | D:1      | Reached skill level 4 in Earth Magic
   194 | D:1      | Reached XP level 2. HP: 14/19 MP: 4/6
   741 | D:1      | Reached XP level 3. HP: 24/24 MP: 5/7
   746 | D:1      | Learned a level 3 spell: Stone Arrow
   986 | D:1      | Found a sparkling altar of Nemelex Xobeh.
  1367 | D:2      | Reached skill level 1 in Conjurations
  1531 | D:2      | Reached XP level 4. HP: 30/30 MP: 3/10
  1541 | D:2      | Learned a level 4 spell: Petrify
  2105 | D:2      | Reached XP level 5. HP: 35/35 MP: 9/13
  2161 | D:2      | Reached skill level 5 in Earth Magic
  2872 | D:3      | Reached XP level 6. HP: 38/41 MP: 8/14
  2884 | D:3      | Reached skill level 6 in Earth Magic
  3191 | D:3      | Noticed Purgy
  3263 | D:3      | Found a bloodstained altar of Trog.
  3354 | D:3      | Killed Purgy
  3354 | D:3      | Reached skill level 7 in Earth Magic
  3591 | D:4      | Found Gaixulio's Food Boutique.
  3666 | D:4      | Found Kusaal's Distillery.
  3673 | D:4      | Reached XP level 7. HP: 42/46 MP: 10/16
  3678 | D:4      | Bought a potion of brilliance for 56 gold pieces
  3678 | D:4      | Bought a potion of lignification for 42 gold pieces
  3678 | D:4      | Bought a potion of mutation for 35 gold pieces
  3718 | D:4      | Reached skill level 8 in Earth Magic
  3949 | D:4      | Found a staircase to the Ecumenical Temple.
  3955 | Temple   | Entered the Ecumenical Temple
  4054 | Temple   | Became a worshipper of Vehumet
  4185 | D:4      | Found Loyzav's Antique Weapon Boutique.
  4380 | D:4      | Reached skill level 9 in Earth Magic
  4655 | D:4      | Reached XP level 8. HP: 44/52 MP: 7/18
  4709 | D:4      | You fall through a shaft for 2 floors!
  4737 | D:5      | Entered Level 5 of the Dungeon
  4772 | D:5      | Reached skill level 10 in Earth Magic
  4816 | D:5      | Found a glowing drain.
  4835 | D:5      | Acquired Vehumet's first power
  4835 | D:5      | Offered knowledge of Shock by Vehumet.
  4895 | Sewer    | Entered a sewer
  4971 | Sewer    | Noticed miro's ghost (average TrMo)
  4996 | Sewer    | Killed miro's ghost
  4996 | Sewer    | Reached skill level 11 in Earth Magic
  5774 | Sewer    | Found a white marble altar of Elyvilon.
  5902 | D:4      | Got a pair of faintly humming gloves
  5908 | D:4      | Identified the +0 pair of gloves "Hateqof" {rF+ rC+ rN++ Slay-6} (You found it on level 4 of the Dungeon)
  6005 | D:5      | Learned a level 5 spell: Lee's Rapid Deconstruction
  6041 | D:5      | Noticed haldagan's ghost (experienced TeHu)
  6197 | D:5      | Reached XP level 9. HP: 41/57 MP: 2/19
  6381 | D:5      | Got a shimmering glaive
  6382 | D:5      | Identified the +8 glaive "Dinwuen" {freeze, Noisy +Blink Int+7} (You found it on level 5 of the Dungeon)
  6447 | D:5      | Reached skill level 12 in Earth Magic
  7545 | D:5      | Offered knowledge of Sting by Vehumet.
  8219 | D:6      | Got a scorched leather armour
  8230 | D:6      | Identified the +1 leather armour of Creativity {rN+ MR+ MP+9} (You found it on level 6 of the Dungeon)
  8667 | D:7      | Offered knowledge of Throw Frost by Vehumet.
  8755 | D:7      | Reached skill level 13 in Earth Magic
  9152 | D:7      | Acquired Vehumet's second power
  9547 | D:8      | Offered knowledge of Throw Icicle by Vehumet.
  9547 | D:8      | Reached skill level 5 in Spellcasting
  9733 | D:8      | Reached XP level 10. HP: 47/63 MP: 15/24
  9828 | D:8      | Acquired Vehumet's third power
 10030 | D:8      | Found an ancient bone altar of Kikubaaqudgha.
 10233 | D:8      | Offered knowledge of Iskenderun's Mystic Blast by Vehumet.
 10279 | D:8      | Reached skill level 5 in Conjurations
 11192 | D:4      | Bought a steaming whip for 135 gold pieces
 11192 | D:4      | Identified the +0 whip "Shyqij" {pain, MR- Str+4 SInv} (You bought it in a shop on level 4 of the Dungeon)
 11489 | D:9      | Noticed Edmund
 11494 | D:9      | Killed Edmund
 11522 | D:9      | Reached skill level 14 in Earth Magic
 11824 | D:9      | Noticed Prince Ribbit
 11829 | D:9      | Killed Prince Ribbit
 11953 | D:9      | Reached XP level 11. HP: 62/68 MP: 22/27
 12166 | D:10     | Entered Level 10 of the Dungeon
 12246 | D:10     | Found a staircase to the Orcish Mines.
 12548 | D:10     | Found a staircase to the Lair.
 12882 | D:10     | Offered knowledge of Iron Shot by Vehumet.
 12895 | D:10     | Learned a level 6 spell: Iron Shot
 13145 | D:11     | Noticed Sonja
 13160 | D:11     | Killed Sonja
 13171 | D:11     | Noticed a centaur warrior
 13172 | D:11     | Slain by a centaur warrior

Inventory:

Hand weapons
 c - the +8 glaive "Dinwuen" (weapon) {freeze, Noisy +Blink Int+7}
   (You found it on level 5 of the Dungeon)

   It has been specially enchanted to freeze those struck by it, causing extra
   injury to most foes and up to half again as much damage against particularly
   susceptible opponents.
   It can also slow down cold-blooded creatures.
   It affects your intelligence (+7).
   It lets you blink.
   It may make noises in combat.
 h - a +0 dagger
Missiles
 b - 115 stones (quivered)
Armour
 i - the +1 leather armour of Creativity (worn) {rN+ MR+ MP+9}
   (You found it on level 6 of the Dungeon)

   It protects you from negative energy.
   It affects your resistance to hostile enchantments.
   It affects your magic capacity (+9).
 n - a +0 buckler
 p - the +0 pair of gloves "Hateqof" (worn) {rF+ rC+ rN++ Slay-6}
   (You found it on level 4 of the Dungeon)

   It affects your accuracy and damage with ranged weapons and melee attacks
   (-6).
   It protects you from fire.
   It protects you from cold.
   It greatly protects you from negative energy.
Jewellery
 j - a +4 ring of dexterity (left hand)
 s - a ring of poison resistance (right hand)
Scrolls
 f - 13 scrolls of remove curse
 m - 6 scrolls of amnesia
 t - 2 scrolls of identify
 u - 3 scrolls of magic mapping
 v - a scroll of recharging
 w - a scroll of summoning
Potions
 e - 7 potions of restore abilities
 k - a potion of heal wounds
 l - 3 potions of curing
 o - 2 potions of lignification
Books
 d - a book of Geomancy

   Spells                             Type                      Level
   a - Sandblast                      Earth                        1
   b - Stoneskin                      Transmutation/Earth          2
   c - Passwall                       Transmutation/Earth          3
   d - Stone Arrow                    Conjuration/Earth            3
   e - Petrify                        Transmutation/Earth          4
   f - Lee's Rapid Deconstruction     Earth                        5
Comestibles
 a - 5 bread rations
 g - 5 meat rations
 q - 2 beef jerkies
 r - 5 chunks of flesh

Table legend:
 A = Turns spent in this place as a percentage of turns spent in the entire game.
 B = Non-inter-level travel turns spent in this place as a percentage of non-inter-level travel turns spent in the entire game.
 C = Inter-level travel turns spent in this place as a percentage of turns spent in this place.
 D = Turns resting spent in this place as a percentage of non-inter-level travel turns spent in this place.
 E = Turns spent auto-exploring this place as a percentage of non-inter-level travel turns spent in this place.
 F = Non-inter-level travel turns spent in this place divided by the number of levels of this place that you've seen.
                   A       B       C       D       E      F
               +-------+-------+-------+-------+-------+----------------------
         Total | 100.0 | 100.0 |   0.7 |   8.3 |   9.2 | 270.8
       Dungeon |  94.9 |  94.9 |   0.7 |   7.8 |   9.5 | 303.6
        Temple |   0.5 |   0.5 |   5.6 |   0.0 |   5.9 |  17.0
         Sewer |   4.6 |   4.7 |   0.0 |  18.9 |   4.9 | 164.0
               +-------+-------+-------+-------+-------+----------------------


   Skills:
 - Level 1.7 Dodging
 - Level 2.4 Stealth
 + Level 7.5 Spellcasting
 + Level 8.0 Conjurations
 - Level 1.1 Transmutations
 + Level 14.6 Earth Magic


You had 6 spell levels left.
You knew the following spells:

 Your Spells              Type           Power        Failure   Level  Hunger
a - Sandblast             Erth           ######       1%          1    None
b - Stone Arrow           Conj/Erth      ######       1%          3    None
c - Petrify               Trmt/Erth      #####...     3%          4    ###....
d - Lee's Rapid Deconstr  Erth           ######....   1%          5    #####..
e - Iron Shot             Conj/Erth      ######....   4%          6    ######.


Dungeon Overview and Level Annotations

Branches:
Dungeon (11/15)            Temple (1/1) D:4            Lair (0/8) D:10
    Orc (0/4) D:10

Altars:
Ashenzari
Cheibriados
Dithmenos
Elyvilon
Fedhas
Gozag
Kikubaaqudgha
Makhleb
Nemelex Xobeh
Okawaru
Qazlal
Ru
Sif Muna
Trog
Vehumet
Xom
Yredelemnul
Zin
The Shining One

Shops:
D:4 !%(

Annotations:
D:5 haldagan's ghost, experienced TeHu


Innate Abilities, Weirdness & Mutations

You are under a permanent stasis effect.
You can dig through walls and to a lower floor.
Your four strong arms can wield two-handed weapons with a shield.
You have a pair of large antennae on your head (SInv).


Message History

You kill the yak!
Vehumet accepts your kill.
You feel your power returning.
Your Conjurations skill increases to level 8!
The blast of petrified fragments hits the boring beetle.
The boring beetle is lightly wounded.
You feel sick.
You hear a shout!
A centaur warrior comes into view.
Casting: Lee's Rapid Deconstruction
Confirm with . or Enter, or press ? or * to list all spells.
Aiming: Lee's Rapid Deconstruction
Press: ? - help, Dir - move target cursor, f/p - yak Fragment what (e.g. wall or brittle monster)?: a yak (moderately wounded, petrified)
The yak shatters!
The yak is severely wounded.
The blast of petrified fragments hits the brain worm.
You kill the brain worm!
Vehumet accepts your kill.
You feel your power returning.
The blast of petrified fragments hits the centaur warrior.
The centaur warrior is moderately wounded.
The blast of petrified fragments hits the boring beetle.
The boring beetle is moderately wounded.
You are feeling very hungry.
The boring beetle bites you!!
Unknown command.
Casting: Lee's Rapid Deconstruction
Confirm with . or Enter, or press ? or * to list all spells.
Aiming: Lee's Rapid Deconstruction
Press: ? - help, Dir - move target cursor, f/p - yak Fragment what (e.g. wall or brittle monster)?: a yak (severely wounded, petrified)
The yak shatters!
The yak is almost dead.
The blast of petrified fragments hits the centaur warrior.
The centaur warrior is almost dead.
The blast of petrified fragments hits the boring beetle.
The boring beetle is severely wounded.
You feel sick. The centaur warrior hits you.
You die...

#....##..##..#.
#....#....#...#
#.............
#....(.Y)...#[#
###.##....##..#
##.###..#....#
#..Y..#......#
#..cB#..#....#
#[..@#<##......
######.# .....
K.# ..... ..#.
... ... . #
.... ## #.### #


You could see a centaur warrior, a boring beetle and a yak (petrified).

Table legend:
 A = Kills in this place as a percentage of kills in entire the game.
 B = Kills by you in this place as a percentage of kills by you in the entire game.
 C = Kills by friends in this place as a percentage of kills by friends in the entire game.
 D = Other kills in this place as a percentage of other kills in the entire game.
 E = Experience gained in this place as a percentage of experience gained in the entire game.
 F = Experience gained in this place divided by the number of levels of this place that you have seen.
                   A       B       C       D       E      F
               +-------+-------+-------+-------+-------+----------------------
         Total | 100.0 | 100.0 |  -nan |  -nan | 100.0 | 821.2
       Dungeon |  96.5 |  96.5 |  -nan |  -nan |  95.7 | 928.4
         Sewer |   3.5 |   3.5 |  -nan |  -nan |   4.3 | 463.0
               +-------+-------+-------+-------+-------+----------------------

Vanquished Creatures
  The ghost of miro the Ruffian, an average TrMo (Sewer)
  A fire drake (D:10)
  Sonja (D:11)
  A two-headed ogre (D:9)
  Prince Ribbit (D:9)
  A wyvern (D:9)
  2 yaks (D:11)
  A wraith (D:11)
  A hippogriff (D:8)
  Edmund (D:9)
  3 vampire mosquitoes (D:10)
  2 sky beasts
  3 black bears
  Purgy (D:3)
  An ice beast (D:8)
  4 orc warriors
  3 phantoms
  3 ogres
  7 centaurs
  2 big kobolds
  A crocodile (D:9)
  A brain worm (D:11)
  A giant frog (D:8)
  A wyvern zombie (D:6)
  6 killer bees (D:8)
  9 scorpions
  2 centaur zombies
  3 goliath beetles
  2 giant frog zombies
  3 orc priests
  2 crimson imps
  A giant frog skeleton (D:4)
  4 jellies
  2 quasits
  7 orc wizards
  A centaur skeleton (D:4)
  5 hounds
  6 iguanas
  9 worker ants
  A killer bee zombie (D:9)
  4 hound zombies
  2 hound skeletons (D:9)
  4 gnolls (D:2)
  18 adders
  A river rat (Sewer)
  2 shadow imps
  4 giant mites
  7 worms
  An adder zombie (D:10)
  2 oozes
  33 orcs
  3 ball pythons
  2 bat skeletons
  A bat zombie (D:7)
  14 hobgoblins
  16 jackals
  10 bats
  8 giant cockroaches
  17 giant geckos
  A giant gecko skeleton (D:6)
  13 giant newts
  20 goblins
  24 kobolds
  A kobold zombie (D:7)
  7 quokkas
  A quokka skeleton (D:8)
  A quokka zombie (D:6)
  19 rats
343 creatures vanquished.

Action                   |  1- 3 |  4- 6 |  7- 9 | 10-12 || total
-------------------------+-------+-------+-------+-------++-------
Melee: Unarmed           |    26 |   114 |    13 |       ||   153
       Dagger            |    22 |       |    10 |       ||    32
       Glaive            |       |       |    62 |    17 ||    79
 Cast: Sandblast         |    47 |   110 |    72 |       ||   229
       Stone Arrow       |     3 |    11 |   101 |    85 ||   200
       Lee's Rapid Decon |       |       |    21 |    32 ||    53
       Petrify           |       |       |    18 |    16 ||    34
 Abil: Dig               |       |       |     2 |       ||     2
  Use: Scroll            |       |     9 |     7 |     2 ||    18
       Potion            |       |       |     9 |       ||     9
 Stab: Sleeping          |       |     1 |       |       ||     1
  Eat: Chunk             |     3 |     8 |    19 |    14 ||    44
       Royal jelly       |       |       |     2 |       ||     2
       Meat ration       |       |       |     1 |     1 ||     2
       Pizza             |       |       |     1 |       ||     1
       Fruit             |       |       |     6 |       ||     6
       Beef jerky        |       |       |     1 |       ||     1

Vault maps used:
D:1:      dpeg_arrival_rooms_c, solitary_fountain, nemelex_diamond_rough_becter
D:2:      minmay_goblin_outpost
D:3:      trog_three_pillars_becter, uniq_purgy
D:4:      minmay_temple_entry_hall, serial_shops, shop_fountains, shop_statue,
          shop_statue, minmay_item_behind_shaft
D:5:      first_bread, portal_sewer_entry_f, minmay_lizard_king
D:8:      kiku_gazebo_garden_becter
D:9:      uniq_prince_ribbit1, uniq_edmund
D:10:     minmay_lair_entry_lava, orc_0_dummy
D:11:     hangedman_pestilent_swarm, uniq_sonja
Temple:   kilobyte_greek_temple_18
Sewer:    sewer_kobolds
